 Dungeon Crawl Stone Soup version 0.28-a0-793-g31680bbd8b (webtiles) character file.

Game seed: 14692501148826812013

94 demibob the Ruffian (level 4, -4/38 HPs)
             Began as a Ghoul Monk on Nov 4, 2021.
             Slain by Edmund (9 damage)
             ... on level 4 of the Dungeon.
             The game lasted 00:04:06 (2197 turns).

demibob the Ruffian (Ghoul Monk)                    Turns: 2197, Time: 00:04:07

Health: -4/38      AC:  2    Str: 14    XL:     4   Next: 63%
Magic:  3/3        EV: 13    Int:  5    God:
Gold:   99         SH:  0    Dex: 18    Spells: 3/3 levels left

rFire   . . .      SeeInvis .     - Unarmed
rCold   + . .      Faith    .   (no shield)
rNeg    + + +      Spirit   .   a - +0 robe
rPois   ∞          Reflect  .   (no helmet)
rElec   .          Harm     .   (no cloak)
rCorr   .          Rampage  .   (no gloves)
Will    .....                   (no boots)
Stlth   ++........              g - amulet of magic regeneration
HPRegen 0.00/turn               D - +6 ring of dexterity
MPRegen 0.33/turn               (no ring)

@: inhibited regen
A: claws 1, cold resistance 1, negative energy resistance 3, inhibited
regeneration, torment resistance 2
a: no special abilities


You were on level 4 of the Dungeon.
You visited 1 branch of the dungeon, and saw 4 of its levels.

You collected 99 gold pieces.


Innate Abilities, Weirdness & Mutations

You thrive by killing the living.
You are immune to poison.
You have sharp fingernails.
Your flesh is cold resistant. (rC+)
You are immune to negative energy. (rN+++)
You do not regenerate when monsters are visible.
You are immune to unholy pain and torment.


   Skills:
 - Level 3.2 Fighting
 + Level 2.9 Dodging
 - Level 2.1 Stealth
 + Level 5.6 Unarmed Combat


You had 3 spell levels left.
You didn't know any spells.
Your spell library contained the following spells:

 Spells                   Type           Power      Damage    Failure   Level
 Slow                     Hex            0%         N/A       47%         1
 Confusing Touch          Hex            0%         N/A       85%         3
 Vampiric Draining        Necr           0%         2d6       85%         3

Inventory:

Armour
 a - a +0 robe (worn)
Jewellery
 g - an amulet of magic regeneration (around neck)
 D - a +6 ring of dexterity (left claw)
Scrolls
 b - a scroll of summoning
 e - a scroll of holy word {unknown}
 f - a scroll of noise {unknown}
 h - a scroll of amnesia {unknown}

Dungeon Overview and Level Annotations

Branches:
Dungeon (4/15)
 Temple: D:4-7

Altars:

Annotations:
D:3 Ijyb
D:4 Edmund

##..###...###....#
#....'...).......#
#....#...........#
....(###...###...#
###..#########...#
#....#........[.#
#....#........>.#
#..#.###..####'##
####.# #. #.@@#
...........J.#
.... .......(#
.............#
#.............#
##########


You could see Edmund (ally target) and a friendly endoplasm (summoned).


Message History

Your hobgoblin hits Edmund but does no damage.
It was a potion of berserk rage.
You feel slightly irritated.
Edmund hits your hobgoblin with a +4 flail of venom.
Your hobgoblin is poisoned.
Your endoplasm hits Edmund but does no damage.
Your hobgoblin barely misses Edmund.
You scratch Edmund but do no damage.
Edmund is almost dead.
Edmund hits you with a +4 flail of venom.
* * * LOW HITPOINT WARNING * * *
Your endoplasm closely misses Edmund.
You scratch Edmund but do no damage.
Edmund is almost dead.
Your hobgoblin hits Edmund.
Edmund hits your hobgoblin with a +4 flail of venom!
Your hobgoblin dies!
Your hobgoblin's corpse dissolves into shadows!
Your endoplasm barely misses Edmund.
You scratch Edmund but do no damage.
Edmund is almost dead.
Edmund closely misses you.
You scratch Edmund.
Edmund is almost dead.
Your endoplasm freezes Edmund.
Edmund is frozen.
Edmund misses you.
You scratch Edmund but do no damage.
Edmund is almost dead.
Your endoplasm hits Edmund but does no damage.
Edmund hits you with a +4 flail of venom!
You die...

Skill      XL: |  1  2  3 |
---------------+----------+-----
Unarmed Combat | 4 5 |  5.6
Fighting       | |  3.2
Dodging        | |  2.9
Stealth        | |  2.1

Action                   |  1- 3 |  4- 6 || total
-------------------------+-------+-------++-------
Melee: Unarmed           |   114 |    69 ||   183
       Punch             |     1 |     1 ||     2
  Use: Potion            |       |     2 ||     2
       Scroll            |       |     1 ||     1
 Stab: Sleeping          |     6 |     1 ||     7
Armor: Robe              |    18 |     2 ||    20
Dodge: Dodged            |    68 |    32 ||   100

Levels and vault maps discovered:
D:1:      erik_arrival_blinker_ship, layout_basic
D:2:      layout_loops_ring, basic_ecumenical_altar, guppyfry_early_orc_mine
D:3:      layout_basic, uniq_ijyb, uniq_crazy_yiuf_cottage
D:4:      layout_gridville, minmay_temple_entry_waves, portal_sewer_entry_b,
          uniq_duvessa, uniq_edmund

Notes
Turn   | Place    | Note
-------+----------+-------------------------------------------
     0 | D:1      | demibob the Ghoul Monk began the quest for the Orb.
     0 | D:1      | Reached XP level 1. HP: 19/19 MP: 0/0
   162 | D:1      | Reached XP level 2. HP: 26/26 MP: 1/1
   171 | D:1      | Reached skill level 4 in Unarmed Combat
   294 | D:1      | You fall into a shaft and drop 1 floor!
   340 | D:2      | Reached XP level 3. HP: 19/31 MP: 2/2
   498 | D:2      | Found a faded altar of an unknown god.
   698 | D:1      | Reached skill level 5 in Unarmed Combat
   927 | D:1      | Reached XP level 4. HP: 31/38 MP: 3/3
  2119 | D:3      | Noticed Ijyb
  2120 | D:3      | Noticed a black bear
  2177 | D:4      | Noticed Edmund
  2178 | D:4      | >>lmao
  2197 | D:4      | Slain by Edmund

Vanquished Creatures
  An adder (D:2)
  3 worms
  3 dart slugs
  4 orcs
  3 bats (D:1)
  6 endoplasms
  2 giant cockroaches (D:1)
  4 goblins
  9 hobgoblins
  6 jackals (D:1)
  2 kobolds
  5 quokkas
  5 ball pythons
  2 frilled lizards
  4 rats
59 creatures vanquished.

Table legend: (Time is in decaauts)
 A = Elapsed time spent in this place.
 B = Non-inter-level travel time spent in this place.
 C = Inter-level travel time spent in this place.
 D = Time resting spent in this place.
 E = Time spent auto-exploring this place.
 F = Levels seen in this place.
 G = Mean time per level.
                   A        B        C        D        E       F      G
               +--------+--------+--------+--------+--------+-----+--------+
         Total |   2180 |   2140 |     40 |    115 |   1594 |   4 |  545.0 |
       Dungeon |   2180 |   2140 |     40 |    115 |   1594 |   4 |  545.0 |
               +--------+--------+--------+--------+--------+-----+--------+

Top non-repeatable levels by time:
     D:2: 998 daAuts
     D:1: 918 daAuts
     D:3: 193 daAuts
     D:4: 69 daAuts

Table legend:
 A = Non-vault XP
 B = Vault XP
 C = Vault XP percentage of total XP
 D = Non-vault monster count
 E = Vault monster count
 F = Vault count percentage of total count
                 A         B        C        D         E       F
            +---------+---------+-------+---------+---------+-------
      Total |     118 |      17 |  12.6 |      52 |       7 |  11.9
            +---------+---------+-------+---------+---------+-------
        D:1 |      53 |       0 |   0.0 |      28 |       0 |   0.0
        D:2 |      43 |      17 |  28.3 |      15 |       7 |  31.8
        D:3 |      18 |       0 |   0.0 |       8 |       0 |   0.0
        D:4 |       4 |       0 |   0.0 |       1 |       0 |   0.0
            +---------+---------+-------+---------+---------+-------
